cohdb
Replays
Latest Replays
All Replays
Popular Replays
Top Player Replays
Match Explorer
How It Works
Community
CoH3 Stats
Reddit
Sign in to upload your games and track your stats! →
Sign in with Steam
Plant vs Zombie
Match 25417364
Overview
Messages
Build Orders
End
Engineer Squad
Construct Barracks
Riflemen Squad
Riflemen Squad
Riflemen Squad
Infantry Support Center
Construct Motor Pool
Selects Armored Battlegroup
Selects Fast Deploy
Selects M8 Scott SPG
Selects UNKNOWN (2160077)
M8 Greyhound Armored Car
M1918 Browning Automatic Rifles
Munitions Surplus
Riflemen Squad
Selects Veteran Crews
Selects Field Repairs
Selects War Machine
Construct Tank Depot
M4A3E8 Sherman Easy Eight
Grenade Package
Field Repairs
M4A3E8 Sherman Easy Eight
Field Repairs
M4A3E8 Sherman Easy Eight
Engineer Squad
Field Repairs
M1 Anti-tank Gun Team
M4A3E8 Sherman Easy Eight
Field Repairs
M4A3E8 Sherman Easy Eight
Field Repairs
M4A3E8 Sherman Easy Eight
Engineer Squad
Field Repairs
M4A3E8 Sherman Easy Eight
Field Repairs
Riflemen Squad
Engineer Squad
Engineer Squad
Isildur
Scotch
Ruby
ClaudiaEnfield(engine fire left)
0
0
Comments
sign in to comment!
No comments posted yet!